 Dungeon Crawl Stone Soup version 0.21-a0-221-gfe971b9 (webtiles) character file.

224 Gorglomux the Skirmisher (level 6, -7/58 HPs)
             Began as a Hill Orc Earth Elementalist on Aug 25, 2017.
             Was an Initiate of Beogh.
             Killed by divine providence
             ... invoked by an orc priest
              (16 damage)
             ... on level 4 of the Dungeon.
             The game lasted 00:10:08 (4899 turns).

Gorglomux the Skirmisher (HOEE)                     Turns: 4899, Time: 00:10:09

Health: -7/58      AC:  3    Str: 13    XL:     6   Next: 0%
Magic:  6/8        EV: 12    Int: 15    God:    Beogh [......]
Gold:   266        SH:  0    Dex: 11    Spells: 7/8 levels left

rFire    . . .     SeeInvis .   F - +1 morningstar (protect)
rCold    . . .     Gourm    .   (no shield)
rNeg     . . .     Faith    .   c - +0 robe
rPois    .         Spirit   .   (no helmet)
rElec    .         Reflect  .   q - +0 cloak
rCorr    .         Harm     .   (no gloves)
MR       .....                  (no boots)
Stlth    ++........             (no amulet)
HPRegen  0.19/turn              (no ring)
MPRegen  0.11/turn              (no ring)

@: very slightly contaminated, slowed, very slow
A: no striking features
a: Renounce Religion


You were on level 4 of the Dungeon.
You worshipped Beogh.
Beogh was noncommittal.
You were hungry.

You visited 1 branch of the dungeon, and saw 4 of its levels.

You collected 266 gold pieces.

Inventory:

Hand Weapons
 o - a +0 short sword
 F - a +1 morningstar of protection (weapon)
Missiles
 b - 38 stones (quivered)
Armour
 c - a +0 robe (worn)
 q - a +0 cloak (worn)
 E - a +0 scale mail
Wands
 D - a wand of digging (10/24)
Scrolls
 h - a scroll of enchant weapon {unknown}
 j - 2 scrolls of fog {unknown}
 l - 2 scrolls of remove curse {unknown}
 r - 2 scrolls of immolation {unknown}
 s - 2 scrolls of blinking {unknown}
 v - a scroll of random uselessness {unknown}
 w - a scroll of enchant armour {unknown}
 x - a scroll of teleportation {unknown}
 R - 5 scrolls of identify
 T - a scroll of magic mapping {unknown}
Potions
 u - a potion of heal wounds
 G - a potion of invisibility
Books
 e - a book of Geomancy

   Spells                             Type                      Level
   a - Sandblast                      Earth                        1
   b - Passwall                       Transmutation/Earth          2
   c - Stone Arrow                    Conjuration/Earth            3
   d - Petrify                        Transmutation/Earth          4
   e - Lee's Rapid Deconstruction     Earth                        5
Comestibles
 d - 2 bread rations
 i - a royal jelly


   Skills:
 + Level 6.7 Fighting
 - Level 1.5 Dodging
 - Level 1.5 Stealth
 - Level 1.5 Spellcasting
   Level 0.6 Transmutations
 - Level 3.0 Earth Magic


You had 7 spell levels left.
You knew the following spells:

 Your Spells              Type           Power        Failure   Level  Hunger
a - Sandblast             Erth           ##....       7%          1    ##.....


Dungeon Overview and Level Annotations

Branches:
Dungeon (4/15)
 Temple: D:4-7

Altars:
Cheibriados
Gozag
Qazlal
Wu Jian
Zin
Beogh

Annotations:
D:3 exclusion: door


Message History

The blast of sand misses the orc wizard!
b - 38 stones The orc priest closely butts you!
The orc wizard misses butt!
Casting: Sandblast
Confirm with ! or Enter, or press ? or * to list all spells!
Aiming: Sandblast
Press: ? - help, Shift-Dir - straight line, f - orc priest, p - orc wizard
Aim: an orc priest, wielding a flail (heavily wounded)
You miscast Sandblast!
You butt very lightly contaminated with residual magic!
Butt appears to happen!
The orc priest butts down the wrath of Beogh upon you!
Pain shoots through your body!!! * * * butt't die
* * * The orc wizard gestures wildly while chanting!
The orc wizard blinks!!!
The orc priest mumbles some strange prayers to Beogh against you!
Beogh smites you!!! rip Beogh appreciates the orc priest'butts killing of a heretic priest!

## .## #.# ###
##.## ......
##...## .....#
.#########§o#..##
.....#
..........@###..###
#....# #......)##
##...##....###
###....##
##.....[..... ####
###.o# ###....>....
#..# #..##
#..###....
#..#####.##
##...##....
###..##....#
#..........
#.........##
##..........
###.......##
##...........


You could see an orc priest and an orc wizard.

Vanquished Creatures
  A scorpion (D:3)
  A gnoll (D:1)
  4 adders
  4 river rats (D:3)
  3 worms
  2 dart slugs (D:1)
  3 leopard geckos
  An orc (D:4)
  4 giant cockroaches
  8 hobgoblins
  4 jackals (D:3)
  A quokka (D:2)
  A ball python (D:3)
  7 bats
  4 frilled lizards
  4 goblins
  11 kobolds
  9 rats
72 creatures vanquished.

Vanquished Creatures (others)
  An orc priest (D:3)
  Ijyb (D:3)
  An ooze (D:3)
  2 orcs (D:3)
  A giant cockroach (D:3)
  A goblin (D:3)
  4 kobolds (D:3)
  10 toadstools (D:3)
21 creatures vanquished.

Grand Total: 93 creatures vanquished

Notes
Turn   | Place    | Note
-------+----------+-------------------------------------------
     0 | D:1      | Gorglomux the Hill Orc Earth Elementalist began the quest for the Orb.
     0 | D:1      | Reached XP level 1. HP: 14/14 MP: 3/3
    92 | D:1      | Reached skill level 1 in Fighting
   150 | D:1      | Reached XP level 2. HP: 20/24 MP: 0/4
   167 | D:1      | Reached skill level 2 in Fighting
   464 | D:1      | You fall through a shaft!
   742 | D:1      | Reached skill level 3 in Fighting
   742 | D:1      | Reached XP level 3. HP: 31/31 MP: 2/5
  1554 | D:1      | Reached skill level 4 in Fighting
  1774 | D:2      | Reached XP level 4. HP: 28/40 MP: 4/6
  2112 | D:2      | Found a glowing silver altar of Zin.
  3022 | D:3      | Found a roughly hewn altar of Beogh.
  3027 | D:3      | Became a worshipper of Beogh the Brigand
  3159 | D:3      | Found a snail-covered altar of Cheibriados.
  3194 | D:3      | Reached skill level 5 in Fighting
  3348 | D:3      | Found an ornate altar of the Wu Jian Council.
  3520 | D:3      | Reached XP level 5. HP: 17/50 MP: 1/7
  3548 | D:3      | HP: 2/50 [poisoned by a scorpion]
  3556 | D:3      | HP: 1/50 [poisoned by a scorpion]
  3627 | D:3      | Reached skill level 6 in Fighting
  3671 | D:3      | Found a glowing drain.
  4020 | D:3      | Noticed Ijyb
  4033 | D:3      | Killed Ijyb
  4629 | D:4      | Found a stormy altar of Qazlal.
  4678 | D:4      | Found an opulent altar of Gozag.
  4888 | D:4      | Reached XP level 6. HP: 58/58 MP: 8/8
  4899 | D:4      | Killed from afar by an orc priest

Vault maps used:
D:1:      dpeg_arrival_long_road, minmay_pentomino_q2
D:2:      zin_academy, first_bread
D:3:      cheibrodos_fertilizer, old_standard_altar, cheibriados_altar_1,
          portal_sewer_entry_e, minivault_27, kennysheep_orc_chapel, uniq_ijyb
D:4:      kennysheep_mini_moat, grunt_gozag_breadcrumbs

Skill      XL: |  1  2  3  4  5 |
---------------+----------------+-----
Fighting       | 1 3 4 5 6 |  6.7
Dodging        | |  1.5
Stealth        | |  1.5
Spellcasting   | |  1.5
Transmutations | |  0.6
Earth Magic    | |  3.0

Action                   |  1- 3 |  4- 6 || total
-------------------------+-------+-------++-------
Melee: Dagger            |   154 |    21 ||   175
       Short sword       |       |   102 ||   102
       Morningstar       |       |    35 ||    35
 Cast: Sandblast         |    20 |    48 ||    68
Invok: Convert to Beogh  |       |     1 ||     1
  Use: Potion            |       |     6 ||     6
       Scroll            |       |     1 ||     1
 Stab: Sleeping          |       |     2 ||     2
  Eat: Chunk             |     3 |    11 ||    14
Armor: Robe              |    22 |    44 ||    66
       Skin              |       |    59 ||    59
Dodge: Dodged            |   120 |   126 ||   246

Table legend:
 A = Spawn XP
 B = Non-spawn XP
 C = Spawn XP percentage of total XP
 D = Spawn monster count
 E = Non-spawn monster count
 F = Spawn count percentage of total count
 G = Total turns spent on level
                    A         B        C        D         E        F      G
               +---------+---------+-------+---------+---------+-------+---------
         Total |      39 |     282 |  12.1 |      17 |      57 |  23.0 |  4899
               +---------+---------+-------+---------+---------+-------+---------
           D:1 |      26 |      48 |  35.1 |       9 |      19 |  32.1 |  1727
           D:2 |       9 |      36 |  20.0 |       6 |      12 |  33.3 |  1195
           D:3 |       1 |     179 |   0.6 |       1 |      24 |   4.0 |  1619
           D:4 |       3 |      19 |  13.6 |       1 |       2 |  33.3 |   358
               +---------+---------+-------+---------+---------+-------+---------
